 Dungeon Crawl Stone Soup version 0.29-a0-901-g46a8461d6a (webtiles) character file.

Game seed: 14020713650776011415

36 gruber the Chiller (level 3, -2/24 HPs)
             Began as a Demonspawn Ice Elementalist on July 23, 2022.
             Slain by a gnoll
             ... wielding a +0 club
              (5 damage)
             ... on level 2 of the Dungeon.
             The game lasted 00:01:26 (1140 turns).

gruber the Chiller (Demonspawn Ice Elementalist)    Turns: 1140, Time: 00:01:26

Health: -2/24      AC:  2    Str:  8    XL:     3   Next: 19%
Magic:  6/6        EV: 12    Int: 18    God:
Gold:   41         SH:  0    Dex: 13    Spells: 5/6 levels left

rFire   . . .      SeeInvis .   f - +0 short sword
rCold   . . .      Faith    .   (no shield)
rNeg    . . .      Spirit   .   a - +0 robe
rPois   .          Reflect  .   (no helmet)
rElec   .          Harm     .   (no cloak)
rCorr   .          Rampage  .   (no gloves)
Will    .....                   (no boots)
Stlth   ++........              (no amulet)
HPRegen 0.08/turn               (no ring)
MPRegen 0.10/turn               (no ring)

@: no status effects
A: demonic touch 2
a: no special abilities


You were on level 2 of the Dungeon.
You visited 1 branch of the dungeon, and saw 2 of its levels.

You collected 41 gold pieces.

Inventory:

Hand Weapons
 f - a +0 short sword (weapon)
Armour
 a - a +0 robe (worn)
Scrolls
 c - a scroll of fear {unknown}
 e - a scroll of identify {unknown}
 g - a scroll of amnesia {unknown}
 i - a scroll of butterflies {unknown}
 j - a scroll of teleportation {unknown}
Potions
 b - a potion of magic
 d - 2 potions of attraction {unknown}
 h - a potion of heal wounds {unknown}


   Skills:
 - Level 1.7 Dodging
 - Level 1.7 Stealth
 + Level 2.3 Spellcasting
 + Level 4.4 Ice Magic


You had 5 spell levels left.
You knew the following spells:

 Your Spells              Type           Power      Damage    Failure   Level
a - Freeze                Ice            72%        1d9       2%          1

Your spell library contained the following spells:

 Spells                   Type           Power      Damage    Failure   Level
 Frozen Ramparts          Ice            36%        1d5       9%          3
 Ozocubu's Armour         Ice            18%        N/A       9%          3
 Dazzling Flash           Conj/Hex       4%         N/A       45%         3
 Hailstorm                Conj/Ice       10%        3d5       56%         4
 Agony                    Necr           2%         N/A       99%         5
 Silence                  Hex/Air        1%         N/A       99%         5


Dungeon Overview and Level Annotations

Branches:
Dungeon (2/15)

Altars:
Hepliaklqana


Innate Abilities, Weirdness & Mutations

Your touch may inflict irresistible damage on your foes.


Message History

A hobgoblin is nearby!
You barely miss the hobgoblin.
You touch the hobgoblin.
You kill the hobgoblin!
h - a fizzy emerald potion No target in view!
i - a scroll labelled POANAIMA ZAWO No target in view!
Found a stone staircase leading down.
Found a mace.
You now have 41 gold pieces (gained 8).
No target in view!
j - a scroll labelled KAATWA UN INUQ A rat comes into view.
You see here a metallic dark potion.
A rat is nearby! 2 gnolls and a worm come into view.
A gnoll comes into view. It is wielding a +0 halberd.
The gnoll shouts! x2
A gnoll comes into view. It is wielding a +0 club.
The gnoll shouts! x2
You hit the worm.
The worm is moderately wounded.
The gnoll throws a throwing net.
The throwing net hits you.
You become entangled in the net!
You see here a throwing net.
You struggle against the net.
You struggle against the net.
The worm closely misses you. The rat closely misses you.
Unknown command.
Unknown command.
You struggle against the net.
The rat bites you.
You struggle against the net.
The worm bites you! The rat barely misses you.
The gnoll hits you from afar with a +0 halberd.
You rip the net and break free!
The rat bites you but does no damage. The gnoll hits you with a +0 club.
* * * LOW HITPOINT WARNING * * *
The gnoll completely misses you. The worm bites you.
* * * LOW HITPOINT WARNING * * *
The gnoll attacks as you move away! The gnoll hits you with a +0 club.
You die...

...#.###.
.......###### ......##
............
.........#
#...........
...##.####
#........... ........#
###...........
.####...#
#............. .#
#...# #....ggg......
.# #.#.#
#..grw........ .#
#.#.##.##$..@#########
.# #.#..#.##....#
.####.#..#.##....#
......#..#.##.!..#
#######..#.##....#
........#.##....#
#.......#.....###
........#.....#
#.............#


You could see a worm, 4 gnolls and a rat.

Vanquished Creatures
  2 adders (D:2)
  3 ball pythons
  An endoplasm (D:1)
  2 goblins
  3 hobgoblins (D:2)
  2 frilled lizards
  2 kobolds (D:1)
  A rat (D:2)
16 creatures vanquished.

Notes
Turn   | Place    | Note
-------+----------+-------------------------------------------
     0 | D:1      | gruber the Demonspawn Ice Elementalist began the quest for
                  | the Orb.
     0 | D:1      | Reached XP level 1. HP: 13/13 MP: 3/3
   553 | D:1      | Reached skill level 4 in Ice Magic
   553 | D:1      | Gained mutation: Your touch may inflict minor irresistible
                  | damage on your foes. [demonic ancestry]
   553 | D:1      | Reached XP level 2. HP: 19/19 MP: 1/5
   676 | D:2      | Found a hazy altar of Hepliaklqana.
   780 | D:2      | Gained mutation: Your touch may inflict irresistible damage
                  | on your foes. [demonic ancestry]
   780 | D:2      | Reached XP level 3. HP: 17/24 MP: 3/6
  1140 | D:2      | Slain by a gnoll

Illustrated notes

Levels and vault maps discovered:
D:1:      dpeg_arrival_rhombi, layout_basic, serial_rivers,
          chequers_serial_rivers_small_3, chequers_serial_rivers_room_b,
          chequers_serial_rivers_large_b, chequers_serial_rivers_micro_d,
          chequers_serial_rivers_small_b, nicolae_grassy_gnolls
D:2:      layout_basic, basic_altar

Skill      XL: |  1 |
---------------+----+-----
Ice Magic      | 4 |  4.4
Dodging        | |  1.7
Stealth        | |  1.7
Spellcasting   | |  2.3

Action                   || total
-------------------------++-------
Melee: Short sword       ||    12
       Touch             ||     1
 Cast: Freeze            ||    18
Armor: Robe              ||     3
Dodge: Dodged            ||    13

Table legend: (Time is in decaauts)
 A = Elapsed time spent in this place.
 B = Non-inter-level travel time spent in this place.
 C = Inter-level travel time spent in this place.
 D = Time resting spent in this place.
 E = Time spent auto-exploring this place.
 F = Levels seen in this place.
 G = Mean time per level.
                   A        B        C        D        E       F      G
               +--------+--------+--------+--------+--------+-----+--------+
         Total |   1148 |   1105 |     43 |      0 |    964 |   2 |  574.0 |
       Dungeon |   1148 |   1105 |     43 |      0 |    964 |   2 |  574.0 |
               +--------+--------+--------+--------+--------+-----+--------+

Top non-repeatable levels by time:
     D:1: 622 daAuts
     D:2: 525 daAuts
